 Dungeon Crawl Stone Soup version 0.27.1-2-g3b301248ec (webtiles) character file.

Game seed: 14580024111875434578

209 Descartes the Shield-Bearer (level 5, -1/27 HPs)
             Began as a Vine Stalker Fighter on Oct 3, 2021.
             Killed by divine providence
             ... invoked by an orc priest
              (10 damage)
             ... on level 3 of the Dungeon.
             The game lasted 00:03:46 (2654 turns).

Descartes the Shield-Bearer (Vine Stalker Fighter)  Turns: 2654, Time: 00:03:47

Health: -1/27      AC:  6    Str: 19    XL:     5   Next: 87%
Magic:  0/6        EV:  7    Int:  8    God:
Gold:   115        SH: 11    Dex: 20    Spells: 4/4 levels left

rFire    . . .     SeeInvis .   a - +0 long sword
rCold    . . .     Faith    .   c - +0 kite shield
rNeg     . . .     Spirit   +   b - +0 scale mail
rPois    .         Reflect  .   (no helmet)
rElec    .         Harm     .   (no cloak)
rCorr    .         Rampage  .   (no gloves)
Will     .....                  (no boots)
Stlth    ..........             g - amulet of magic regeneration
HPRegen  1.09/turn              h - +6 ring of dexterity
MPRegen  0.35/turn              (no ring)

@: no status effects
A: fangs 2, regeneration 1, magic shield, antimagic bite, no potion heal 2
a: no special abilities


You were on level 3 of the Dungeon.
You visited 1 branch of the dungeon, and saw 4 of its levels.

You collected 115 gold pieces.

Inventory:

Hand Weapons
 a - a +0 long sword (weapon)
Missiles
 l - 26 sling bullets
 m - 60 stones (quivered)
 n - 15 arrows
Armour
 b - a +0 scale mail (worn)
 c - a +0 kite shield (worn)
Jewellery
 g - an amulet of magic regeneration (around neck)
 h - a +6 ring of dexterity (left hand)
Scrolls
 e - a scroll of enchant weapon {unknown}
 j - 3 scrolls of identify {unknown}
 k - 2 scrolls of vulnerability {unknown}
 o - 2 scrolls of magic mapping {unknown}
 p - a scroll of immolation {unknown}
 q - a scroll of teleportation {unknown}
Potions
 d - 3 potions of might
 f - 3 potions of cancellation {unknown}
 i - a potion of berserk rage {unknown}
 r - a potion of degeneration {unknown}


   Skills:
 - Level 2.6 Fighting
 - Level 1.7 Long Blades
 - Level 2.4 Armour
 + Level 5.8 Shields


You had 4 spell levels left.
You didn't know any spells.
Your spell library was empty.

Dungeon Overview and Level Annotations

Branches:
Dungeon (4/15)
 Temple: D:4-7

Altars:


Innate Abilities, Weirdness & Mutations

You have extremely sharp teeth.
Your natural rate of healing is unusually fast.
When hurt, damage is shared between your health and your magic reserves.
Your bite disrupts and absorbs the magic of your enemies.
Potions cannot restore your health.


Message History

The orc hits you with a +0 club.
Things that are here:
a +0 dagger; a +0 leather armour; an orc corpse You hit the orc.
Your bite misses the orc.
The orc is heavily wounded.
The orc barely misses you. The orc hits you but does no damage.
You barely miss the orc. You bite the orc. You drain its power.
You feel invigorated.
The orc is severely wounded.
The orc hits you with a +0 club.
You closely miss the orc. You bite the orc.
You kill the orc!
You see here a +0 club.
Magic restored.
HP restored.
Done exploring.
There is a stone staircase leading down here.
You climb downwards.
The ogre hits you with a +0 giant club!
The necrophage hits you but does no damage. x2
There is a stone staircase leading up, spattered with blood here.
The orc priest barely misses you. You block the ogre's attack.
The necrophage completely misses you.
You climb upwards.
There is a stone staircase leading down here.
You hit the orc priest but do no damage.
You block the orc priest's attack. The ogre barely misses you.
The necrophage hits you but does no damage.
The orc priest hits you with a +0 flail!
You closely miss the orc priest.
You bite the orc priest, but do no damage.
The ogre hits you with a +0 giant club! The necrophage hits you.
* * * LOW HITPOINT WARNING * * *
The orc priest begins to cast a cantrip, but forgets the words!
The necrophage closely misses you.
You hit the orc priest. You bite the orc priest. You drain its power.
You feel invigorated.
The orc priest is severely wounded.
The orc priest invokes the aid of Beogh against you.
Beogh smites you!
You die...

######### #_.÷....8
#).....÷.
############........
#..)o......#........
#.[@.......#........
#.nO.......##.8...8.
#...........###..##.
#...........+.......
#.......^...######..
#...........######..
#...........'.......
#...........######..
#...........# #..


You could see an ogre, a necrophage and an orc priest.

Vanquished Creatures
  A phantom (D:3)
  Jessica (D:2)
  Natasha (D:3)
  2 adders
  2 worms
  A dart slug (D:2)
  6 orcs
  4 endoplasms
  6 goblins
  5 hobgoblins
  4 jackals (D:3)
  5 kobolds
  3 ball pythons
  4 bats
  2 frilled lizards (D:1)
  5 rats
52 creatures vanquished.

Notes
Turn   | Place    | Note
-------+----------+-------------------------------------------
     0 | D:1      | Descartes the Vine Stalker Fighter began the quest for the
                  | Orb.
     0 | D:1      | Reached XP level 1. HP: 11/11 MP: 2/2
   319 | D:1      | Reached skill level 3 in Shields
   356 | D:1      | Reached XP level 2. HP: 16/16 MP: 3/3
  1461 | D:2      | Reached XP level 3. HP: 19/19 MP: 4/4
  1629 | D:2      | Reached skill level 4 in Shields
  1932 | D:2      | Noticed Jessica
  1948 | D:2      | Killed Jessica
  1949 | D:2      | Gained mutation: Your natural rate of healing is unusually
                  | fast. [Vine Stalker growth]
  1949 | D:2      | Reached XP level 4. HP: 16/23 MP: 5/5
  2156 | D:3      | Found a faded altar of an unknown god.
  2194 | D:3      | Noticed Natasha
  2208 | D:3      | Killed Natasha
  2232 | D:3      | Noticed a phantom
  2241 | D:3      | Killed a phantom
  2242 | D:3      | Reached skill level 5 in Shields
  2242 | D:3      | Reached XP level 5. HP: 27/27 MP: 6/6
  2607 | D:4      | Noticed a necrophage
  2629 | D:4      | Noticed an ogre
  2654 | D:3      | Killed from afar by an orc priest

Illustrated notes

Levels and vault maps discovered:
D:1:      sevenhm_arrival_forest_fort_large_4, layout_basic
D:2:      layout_basic, kennysheep_generic_room_14, uniq_jessica
D:3:      layout_basic, shapermc_ecumenical_altar_pompeii, uniq_natasha
D:4:      layout_rooms, mainiacjoe_overflow_surrounded_room,
          minmay_temple_entry_grid, hangedman_decor_diamond_cutter, uniq_duvessa

Skill      XL: |  1  2  3  4 |
---------------+-------------+-----
Shields        | 3 4 5 |  5.8
Fighting       | |  2.6
Long Blades    | |  1.7
Armour         | |  2.4

Action                   |  1- 3 |  4- 6 || total
-------------------------+-------+-------++-------
Melee: Long sword        |    66 |    65 ||   131
       Bite              |    17 |    29 ||    46
Armor: Scale mail        |    19 |    27 ||    46
Dodge: Dodged            |    14 |    23 ||    37
Block: Kite shield       |    28 |    45 ||    73
       Rpst.: Long sword |     4 |     3 ||     7
